 Dungeon Crawl Stone Soup version 0.30-a0-937-ga0a21ad780 (webtiles) character file.

Game seed: 3972219656516250111

27 FexLirch the Digger (level 3, -1/26 HPs)
             Began as a Meteoran Earth Elementalist on Mar 24, 2023.
             Slain by an orc
             ... wielding a +0 mace
              (4 damage)
             ... on level 3 of the Dungeon.
             The game lasted 00:01:45 (97 turns).

FexLirch the Digger (Meteoran Earth Elementalist)     Turns: 97, Time: 00:01:45

Health: -1/26      AC:  2    Str: 10    XL:     3   Next: 44%
Magic:  0/8        EV: 12    Int: 18    God:
Gold:   0          SH:  0    Dex: 14    Spells: 2/8 levels left

rFire   . . .      SeeInvis .    (no weapon)
rCold   . . .      Faith    .    (no shield)
rNeg    . . .      Spirit   .    a - +0 robe
rPois   .          Reflect  .    (no helmet)
rElec   .          Rampage  .    (no cloak)
rCorr   .                        (no gloves)
Will    .....                    (no boots)
Stlth   +                        (no amulet)
HPRegen 0.24/turn                (no ring)
MPRegen 0.11/turn                (no ring)

@: glowing
A: sense surroundings 1, otherworldly, glowing, explore regen
a: no special abilities


You were on level 3 of the Dungeon.
You visited 1 branch of the dungeon, and saw 3 of its levels.

Inventory:

Armour
 a - a +0 robe (worn)
Potions
 b - a potion of magic


   Skills:
 - Level 2.4 Dodging
 - Level 1.4 Stealth
 + Level 3.3 Spellcasting
 + Level 1.7 Conjurations
 - Level 1.2 Transmutations
 + Level 4.1 Earth Magic


You had 2 spell levels left.
You knew the following spells:

 Your Spells              Type           Power      Damage    Failure   Level
a - Sandblast             Erth           36%        2d10      2%          1
b - Passwall              Tmut/Erth      10%        N/A       8%          2
c - Stone Arrow           Conj/Erth      26%        3d8       14%         3

Your spell library contained the following spells:

 Spells                   Type           Power      Damage    Failure   Level
 Petrify                  Tmut/Erth      12%        N/A       45%         4


Dungeon Overview and Level Annotations

Branches:
Dungeon (3/15) Zot: 1694

Altars:

Annotations:
D:2 Jessica


Innate Abilities, Weirdness & Mutations

You passively map a small area around you.
You are easily found by Zot.
You glow in the dark.
You regain HP and MP as you explore.


Message History

The orc misses you. The orc closely misses you.
As you read the scroll labelled VATORCH PAOL, it crumbles to dust.
It is a scroll of identify.
You don't currently have any unidentified items.
The orc closely misses you. The hobgoblin hits you.
The orc attacks as you move away! The orc hits you with a +0 flail.
The orc priest hits you but does no damage.
The orc throws a boomerang.
The boomerang misses you. The hobgoblin misses you.
The orc priest closely misses you.
The orc priest attacks as you move away!
The orc priest hits you with a +0 club.
* * * LOW HITPOINT WARNING * * *
The orc attacks as you move away! The orc barely misses you.
You see here a scroll labelled CUOSHRYANLU.
As you read the scroll labelled CUOSHRYANLU, it crumbles to dust.
It is a scroll of amnesia.
Really abort (and waste the scroll)?
Okay, then.
The orc priest hits you with a +0 club.
* * * LOW HITPOINT WARNING * * *
The orc barely misses you.
Unknown command.
Casting: Sandblast (safe; 2% risk of failure)
Confirm with . or Enter, or press ? or * to list all spells.
Aiming: Sandblast (safe; 2% risk of failure)
Press: ? - help, Shift-Dir - straight line, f/p - orc
Aim: an orc, wielding a +0 mace and wearing a +0 scale mail (severely wounded, 84% to hit)
Okay, then.
Unknown command.
Casting: Sandblast (safe; 2% risk of failure)
Confirm with . or Enter, or press ? or * to list all spells.
Aiming: Sandblast (safe; 2% risk of failure)
Press: ? - help, Shift-Dir - straight line, f - orc priest, p - orc
Aim: an orc priest, wielding a +0 club (82% to hit)
The blast of sand hits the orc priest!
The orc priest is severely wounded.
The orc priest calls upon Beogh to heal the orc.
The orc's wounds heal themselves!
The orc closely misses you. The orc attacks as you move away!
The orc hits you with a +0 mace.
You die...

, * ,,....... ,,
,..o.., , * ,, *
..g. , ,,, #..#*,
*#..# #######.g#* ,
#..)<†...# * *
######.######g#####
#.@oo...†)#........
#.go............###
#..g......#.....#
###########.....#
#######


You could see an orc priest, 2 orcs, a hobgoblin and a goblin.

Vanquished Creatures
  A gnoll (D:3)
  An adder (D:2)
  An orc (D:3)
  A hobgoblin (D:2)
  A quokka (D:3)
  A bat (D:2)
  A frilled lizard (D:3)
  A kobold (D:2)
  A rat (D:2)
9 creatures vanquished.

Notes
Turn   | Place    | Note
-------+----------+-------------------------------------------
     0 | D:1      | FexLirch the Meteoran Earth Elementalist began the quest
                  | for the Orb.
     0 | D:1      | Reached XP level 1. HP: 14/14 MP: 5/5
    19 | D:2      | Reached skill level 1 in Conjurations
    19 | D:2      | Reached XP level 2. HP: 5/20 MP: 0/7
    45 | D:2      | Noticed Jessica
    63 | D:3      | Reached skill level 4 in Earth Magic
    63 | D:3      | Reached XP level 3. HP: 24/26 MP: 3/8
    68 | D:3      | Learned a level 2 spell: Passwall
    72 | D:3      | Learned a level 3 spell: Stone Arrow
    97 | D:3      | Slain by an orc

Illustrated notes

Levels and vault maps discovered:
D:1:      ebering_trefoil_twist, layout_basic,
          shapermc_ecumenical_altar_starsandcircs
D:2:      layout_rooms, uniq_terence, uniq_jessica
D:3:      layout_rooms, grunt_temple_overflow_open, minmay_misc_feat_encased

Skill      XL: |  1  2 |
---------------+-------+-----
Spellcasting   | 3 |  3.3
Conjurations   | 1 |  1.7
Earth Magic    | 4 |  4.1
Dodging        | |  2.4
Stealth        | |  1.4
Transmutations | |  1.2

Action                     || total
---------------------------++-------
   Cast: Sandblast         ||    19
    Use: Scroll            ||     2
 Armour: Robe              ||     4
  Dodge: Dodged            ||    28

Table legend: (Time is in decaauts)
 A = Elapsed time spent in this place.
 B = Non-inter-level travel time spent in this place.
 C = Inter-level travel time spent in this place.
 D = Time resting spent in this place.
 E = Time spent auto-exploring this place.
 F = Levels seen in this place.
 G = Mean time per level.
                   A        B        C        D        E       F      G
               +--------+--------+--------+--------+--------+-----+--------+
         Total |    105 |    105 |      0 |      0 |      0 |   3 |   35.0 |
       Dungeon |    105 |    105 |      0 |      0 |      0 |   3 |   35.0 |
               +--------+--------+--------+--------+--------+-----+--------+

Top non-repeatable levels by time:
     D:2: 57 daAuts
     D:3: 40 daAuts
     D:1: 8 daAuts
